 Dungeon Crawl Stone Soup version 0.28.0-47-ge53b351184 (webtiles) character file.

Game seed: 12649671652758576289

4022 nickcage the Frost Mage (level 10, -16/50 HPs)
             Began as a Deep Elf Ice Elementalist on May 2, 2022.
             Killed from afar by a steam dragon (23 damage)
             ... with a ball of steam
             ... on level 6 of the Dungeon.
             The game lasted 00:49:01 (11832 turns).

nickcage the Frost Mage (DEIE)                     Turns: 11832, Time: 00:49:01

Health: -16/50     AC:  3    Str:  5    XL:     10   Next: 4%
Magic:  18/27      EV: 12    Int: 25    God:
Gold:   426        SH:  0    Dex: 15    Spells: 12/31 levels left

rFire   . . .      SeeInvis .   l - +2 rapier (elec)
rCold   . . .      Faith    .   (no shield)
rNeg    . . .      Spirit   .   a - +0 robe
rPois   .          Reflect  .   (no helmet)
rElec   .          Harm     .   n - +0 cloak
rCorr   .          Rampage  .   (no gloves)
Will    +....                   (no boots)
Stlth   ++........              (no amulet)
HPRegen 0.16/turn               (no ring)
MPRegen 0.20/turn               (no ring)

@: about to teleport, hasted, very quick
A: no striking features
a: no special abilities


You were on level 6 of the Dungeon.
You visited 2 branches of the dungeon, and saw 8 of its levels.
You also visited: Sewer.

You collected 426 gold pieces.

Inventory:

Hand Weapons
 b - a +0 dagger
 l - a +2 rapier of electrocution (weapon)
 m - a +0 dagger of draining
 o - a +2 mace of draining
Missiles
 B - 5 throwing nets
Armour
 a - a +0 robe (worn)
 n - a +0 cloak (worn)
Magical Staves
 i - a staff of conjuration
Jewellery
 y - a ring of ice
Wands
 C - a wand of acid (5)
Scrolls
 c - a scroll of fog {unknown}
 d - 4 scrolls of magic mapping
 h - 3 scrolls of enchant weapon {unknown}
 k - 3 scrolls of amnesia {unknown}
 p - 4 scrolls of teleportation
 s - a scroll of immolation {unknown}
 t - 2 scrolls of enchant armour {unknown}
 x - 2 scrolls of silence {unknown}
 D - a scroll of blinking {unknown}
Potions
 e - 2 potions of attraction
 f - a potion of ambrosia
 g - a potion of might
 j - a potion of magic
 q - a potion of haste
 r - a potion of mutation {unknown}
 u - a potion of invisibility {unknown}
 v - a potion of resistance {unknown}
 w - a potion of cancellation {unknown}
 z - a potion of flight {unknown}
 A - a potion of degeneration {unknown}


   Skills:
 - Level 0.6 Throwing
 - Level 2.4 Dodging
 - Level 2.4 Stealth
 - Level 11.0 Spellcasting
 - Level 6.2 Conjurations
 - Level 3.7 Necromancy
 + Level 11.7 Ice Magic


You had 12 spell levels left.
You knew the following spells:

 Your Spells              Type           Power      Damage    Failure   Level
a - Freeze                Ice            100%       1d11      1%          1
b - Frozen Ramparts       Ice            100%       1d12      1%          3
c - Ozocubu's Armour      Ice            64%        N/A       1%          3
d - Hailstorm             Conj/Ice       55%        3d12      1%          4
e - Pain                  Necr           100%       1d9       1%          1
f - Ozocubu's Refrigerat  Ice            32%        4d11      30%         7

Your spell library contained the following spells:

 Spells                   Type           Power      Damage    Failure   Level
 Summon Small Mammal      Summ           52%        N/A       4%          1
 Call Canine Familiar     Summ           13%        N/A       13%         3
 Summon Guardian Golem    Hex/Summ       13%        N/A       13%         3
 Agony                    Necr           32%        N/A       26%         5
 Excruciating Wounds      Necr           16%        N/A       26%         5


Dungeon Overview and Level Annotations

Branches:
Dungeon (7/15)             Temple (1/1) D:5           Sewer (visited)

Altars:
Ashenzari
Cheibriados
Dithmenos
Elyvilon
Fedhas
Gozag
Hepliaklqana
Kikubaaqudgha
Makhleb
Nemelex Xobeh
Qazlal
Ru
Sif Muna
Trog
Uskayaw
Wu Jian
Xom
Yredelemnul
Zin
The Shining One

Shops:
D:4 *   D:5 [


Message History

The orc priest completely misses you.
You hear some strange, mumbled words.
A puff of flame appears from out of thin air!
The puff of flame hits you! Something hits you.
* * * LOW HITPOINT WARNING * * *
You climb upwards.
Reactivating autopickup.
There is a stone staircase leading down here.
Casting: Freeze (safe; 1% risk of failure)
Confirm with . or Enter, or press ? or * to list all spells.
A film of ice covers your body! The steam dragon breathes steam at you.
The ball of steam hits you!
* * * LOW HITPOINT WARNING * * *
The orc priest hits you but does no damage.
Something hits you but does no damage.
Deactivating autopickup; reactivate with Ctrl-A.
Something hits you but does no damage. The heat melts your icy armour.
You feel yourself speed up. The steam dragon closely misses you.
The steam dragon claws you but does no damage.
You hear some strange, mumbled words.
Something tries to affect you, but you resist.
The orc priest is engulfed in a cloud of scalding steam.
The orc priest hits you but does no damage.
You hear some strange, mumbled words.
Something tries to affect you, but you resist.
As you read the scroll labelled BUELAD HICOB LIESK, it crumbles to dust.
You feel strangely unstable.
It was a scroll of teleportation.
The steam dragon bites you but does no damage.
The steam dragon completely misses you.
The orc priest is engulfed in a cloud of scalding steam.
The orc priest dies!
Reactivating autopickup.
You feel a bit more experienced.
Your icy armour will break if you move.
Continue?
Your icy armour cracks and falls away as you move.
The steam dragon breathes steam at you. The ball of steam hits you!!
You die...

###....)..##......#..#.........##
.#.#..##.###.........#..........#
......##..#......................
........[...........#..........##
...........##.......#........<.##
..###.......#..##.........#......
..#....#.......##.........###....
.......####....##.....#..## ####.
.....#..# #..###@.........## #.
..#..#..###....§..#.......)#####[
.###........){D..##..............
.....#...##.>.....#...≈≈≈≈≈≈≈≈≈≈≈
........##..).........≈≈..()...)≈
..............#....≈≈≈≈...##...[(
...###............≈≈.....####....
..##.#...........≈≈.....##..##...
.........#.......≈......##..##..)


You could see a steam dragon (catching breath).

Vanquished Creatures
  Grum (D:6)
  Eustachio (D:4)
  Duvessa (D:4)
  An acid dragon (D:5)
  2 sky beasts
  Pargi (Sewer)
  A black bear (D:6)
  3 necrophages
  An ogre (D:3)
  A centaur (D:5)
  A wolf (D:6)
  2 bullfrogs (D:6)
  2 gnoll sergeants (D:6)
  2 scorpions (D:5)
  A water moccasin zombie (D:6)
  Dowan (D:4)
  2 electric eels (D:6)
  4 howler monkeys (D:3)
  A bullfrog zombie (D:5)
  2 orc priests (D:3)
  16 hounds
  A bullfrog skeleton (D:6)
  2 centaur skeletons
  4 gnoll shamans
  A jelly (D:6)
  Crazy Yiuf (D:3)
  3 iguanas
  Terence (D:2)
  6 orc wizards
  2 hound skeletons
  54 gnolls
  8 adders
  A white imp (D:7)
  An adder skeleton (D:4)
  2 worms
  5 dart slugs
  41 orcs
  11 endoplasms
  5 giant cockroaches
  8 goblins
  9 hobgoblins
  12 jackals
  6 kobolds
  7 quokkas
  14 ball pythons
  4 bats
  7 frilled lizards
  4 rats
267 creatures vanquished.

Vanquished Creatures (others)
  An orc priest (D:6)
  An orc wizard (D:6)
  2 plants (D:3)
4 creatures vanquished.

Grand Total: 271 creatures vanquished

Notes
Turn   | Place    | Note
-------+----------+-------------------------------------------
     0 | D:1      | nickcage the Deep Elf Ice Elementalist began the quest for
                  | the Orb.
     0 | D:1      | Reached XP level 1. HP: 10/10 MP: 6/6
   346 | D:1      | Reached XP level 2. HP: 15/15 MP: 8/8
   410 | D:1      | Reached skill level 5 in Ice Magic
   775 | D:1      | Reached XP level 3. HP: 15/19 MP: 7/9
  1342 | D:2      | Learned a level 3 spell: Frozen Ramparts
  1346 | D:2      | Learned a level 3 spell: Ozocubu's Armour
  2098 | D:2      | Found a faded altar of an unknown god.
  2108 | D:2      | Reached XP level 4. HP: 24/24 MP: 9/12
  2131 | D:2      | Noticed Terence
  2138 | D:2      | Killed Terence
  2536 | D:3      | Learned a level 4 spell: Hailstorm
  2737 | D:3      | Reached XP level 5. HP: 27/28 MP: 7/14
  2741 | D:3      | Reached skill level 5 in Spellcasting
  3167 | D:3      | Reached XP level 6. HP: 24/32 MP: 7/17
  3839 | D:3      | Found a runed translucent door.
  3840 | D:3      | Noticed Crazy Yiuf
  3845 | D:3      | Killed Crazy Yiuf
  4034 | D:3      | Reached skill level 1 in Conjurations
  4064 | D:3      | Reached XP level 7. HP: 12/36 MP: 8/18
  5189 | D:3      | Learned a level 1 spell: Pain
  5981 | D:4      | Noticed Duvessa
  5981 | D:4      | Noticed Dowan
  6084 | D:4      | Found Voniddug's Assorted Antiques.
  6110 | D:4      | Noticed Eustachio
  6124 | D:4      | Killed Eustachio
  6125 | D:4      | Reached XP level 8. HP: 33/41 MP: 5/19
  6593 | D:4      | Killed Duvessa
  6597 | D:4      | Killed Dowan
  6783 | D:4      | Found a glowing golden altar of the Shining One.
  6785 | D:4      | Found a stormy altar of Qazlal.
  7128 | D:5      | Entered Level 5 of the Dungeon
  7432 | D:5      | Found a glowing drain.
  7456 | Sewer    | Entered a sewer
  7723 | Sewer    | Noticed Pargi
  7729 | Sewer    | Killed Pargi
  7996 | D:5      | Reached skill level 5 in Conjurations
  7996 | D:5      | Reached XP level 9. HP: 45/45 MP: 19/23
  8057 | D:5      | Reached skill level 10 in Ice Magic
  8315 | D:5      | Found a staircase to the Ecumenical Temple.
  8324 | Temple   | Entered the Ecumenical Temple
  8534 | D:5      | Found Ceosyloj's Armour Emporium.
  9566 | D:6      | Learned a level 7 spell: Ozocubu's Refrigeration
  9761 | D:6      | Reached skill level 10 in Spellcasting
 11258 | D:6      | Noticed Grum
 11266 | D:6      | Killed Grum
 11540 | D:6      | Reached XP level 10. HP: 38/50 MP: 10/27
 11832 | D:6      | Killed from afar by a steam dragon

Illustrated notes

Levels and vault maps discovered:
D:1:      heliophobic_arrival_ceremonial_halls, layout_loops_cross
D:2:      layout_basic, dreamdust_ecumenical_altar_angels_and_demons,
          minmay_tall_x, uniq_terence
D:3:      lemuel_castle_with_subvaults [lemuel_castle_interior_original],
          layout_basic, uniq_crazy_yiuf_cottage
D:4:      layout_basic, chequers_temple_overflow_statue_of_worship,
          serial_shops, shop, uniq_duvessa, uniq_eustachio
D:5:      layout_cave_pods, minmay_temple_entry_statues_fountains,
          cheibrodos_sewer_entry_drain, nicolae_take_the_stairs
D:6:      layout_cave_pools, serial_gnoll_camp, grums_kennel,
          gnoll_camp_mini_loothouse, gnoll_camp_huts_moat, gnoll_camp_mini_house
D:7:      layout_gridville, hangedman_decor_slide_cut
Temple:   compressed_dpeg_circular_temple

Skill      XL: |  1  2  3  4  5  6  7  8  9 |
---------------+----------------------------+-----
Ice Magic      | 5 6 7 9 11 | 11.7
Spellcasting   | 4 6 8 11 | 11.0
Conjurations   | 1 3 5 6 |  6.2
Necromancy     | 2 3 |  3.7
Throwing       | |  0.6
Dodging        | |  2.4
Stealth        | |  2.4

Action                   |  1- 3 |  4- 6 |  7- 9 | 10-12 || total
-------------------------+-------+-------+-------+-------++-------
Melee: Dagger            |    29 |    10 |       |       ||    39
       Unarmed           |     2 |       |       |       ||     2
       Staff             |       |     4 |    10 |       ||    14
       Rapier            |       |       |   100 |     2 ||   102
       Punch             |       |       |     1 |       ||     1
Throw: Boomerang         |       |    10 |     1 |       ||    11
 Cast: Freeze            |    47 |    49 |   120 |     5 ||   221
       Frozen Ramparts   |     1 |    15 |    34 |     2 ||    52
       Ozocubu's Armour  |     1 |     4 |    22 |     2 ||    29
       Pain              |       |       |   170 |     8 ||   178
  Use: Scroll            |       |       |     5 |     1 ||     6
       Potion            |       |       |       |     1 ||     1
 Stab: Sleeping          |    13 |     2 |     5 |       ||    20
Armor: Robe              |     6 |     8 |    81 |    10 ||   105
Dodge: Dodged            |    41 |    25 |   181 |    10 ||   257
